 Dungeon Crawl Stone Soup version 0.26-a0-683-g5206c1d7ac (webtiles) character file.

Game seed: 15506884361408108212

16494 marklar909 the Tainter (level 12, -9/86 HPs)
             Began as a Formicid Venom Mage on Oct 22, 2020.
             Was a High Priest of Okawaru.
             Killed from afar by Frances (32 damage)
             ... with a shard of ice
             ... on level 12 of the Dungeon on Oct 23, 2020.
             The game lasted 00:40:15 (16299 turns).

marklar909 the Tainter (Formicid Venom Mage)       Turns: 16299, Time: 00:40:15

Health: -9/86      AC: 24    Str: 14    XL:     12   Next: 70%
Magic:  0/25       EV: 16    Int: 26    God:    Okawaru [*****.]
Gold:   541        SH:  0    Dex: 12    Spells: 7/29 levels left

rFire    . . .     SeeInvis +   k - +7 arbalest
rCold    . . .     Faith    .   (no shield)
rNeg     . . .     Spirit   +   B - +6 swamp dragon scales of Proximity {Rampage +Fly rPois Int+2}
rPois    +         Reflect  .   (helmet unavailable)
rElec    .         Harm     .   K - +2 cloak
rCorr    .         Rampage  +   r - +2 pair of gloves
MR       +....                  m - +2 pair of boots
Stlth    ++........             p - amulet of guardian spirit
HPRegen  0.24/turn              u - +4 ring of evasion
MPRegen  0.19/turn              D - +6 ring of intelligence

@: no status effects
A: permanent stasis, dig shafts and tunnels, four strong arms, antennae 3
a: Dig, Shaft Self, Heroism, Finesse, Renounce Religion, Evoke Flight


You were on level 12 of the Dungeon.
You worshipped Okawaru.
Okawaru was extremely pleased with you.
You visited 2 branches of the dungeon, and saw 13 of its levels.

You collected 1031 gold pieces.
You spent 490 gold pieces at shops.

Inventory:

Hand Weapons
 k - a +7 arbalest (weapon)
Missiles
 l - 83 bolts (quivered)
Armour
 m - a +2 pair of boots (worn)
 o - the cursed +1 leather armour of Birdsong {MR+ Slay+2}
   (You found it on level 4 of the Dungeon)

   It affects your accuracy and damage with ranged weapons and melee attacks
   (+2).
   It affects your resistance to hostile enchantments.
   It has a curse placed upon it.
 r - a +2 pair of gloves (worn)
 s - a +2 robe of resistance
 B - the +6 swamp dragon scales of Proximity (worn) {Rampage +Fly rPois Int+2}
   (Okawaru gifted it to you on level 12 of the Dungeon)

   It affects your intelligence (+2).
   It protects you from poison.
   It lets you fly.
   It bestows one free step when moving towards enemies.
 K - a +2 cloak (worn)
 M - a +1 ring mail of cold resistance
Jewellery
 h - the ring "Qogau" {+Fly rPois rF- rC+ Dex-4}
   (You found it on level 7 of the Dungeon)

   [ring of protection from cold]

   It affects your dexterity (-4).
   It makes you vulnerable to fire.
   It protects you from cold.
   It protects you from poison.
   It lets you fly.
 p - an amulet of guardian spirit (around neck)
 u - a +4 ring of evasion (left hand)
 D - a +6 ring of intelligence (right hand)
 L - an uncursed ring of protection from cold
Wands
 n - a wand of enslavement (6)
 x - a wand of paralysis (21)
 y - a wand of polymorph (14)
 C - a wand of iceblast (27)
 G - a wand of random effects (24)
 H - a wand of digging (18)
Scrolls
 c - 2 scrolls of identify
 d - 2 scrolls of amnesia
 e - a scroll of brand weapon {unknown}
 j - 4 scrolls of remove curse
 v - 2 scrolls of enchant armour
 N - a scroll of holy word {unknown}
Potions
 a - 2 potions of cancellation
 b - 3 potions of degeneration
 f - 2 potions of stabbing
 g - 2 potions of haste
 i - a potion of curing
 t - 3 potions of flight
 w - 2 potions of brilliance
 z - a potion of ambrosia
 A - 2 potions of invisibility
 E - a potion of might {unknown}
 F - a potion of berserk rage {unknown}
 I - a potion of magic {unknown}
 J - a potion of resistance {unknown}


   Skills:
 * Level 5.6 Fighting
 + Level 7.9 Crossbows
 + Level 5.4 Armour
 * Level 4.4 Dodging
 + Level 4.1 Stealth
 + Level 9.1 Spellcasting
 + Level 1.0 Conjurations
 * Level 5.6 Transmutations
 + Level 2.4 Fire Magic
 + Level 5.2 Air Magic
 * Level 4.6 Earth Magic
 + Level 11.2 Poison Magic
 * Level 4.6 Invocations


You had 7 spell levels left.
You knew the following spells:

 Your Spells              Type           Power        Failure   Level
a - Sting                 Tmut/Pois      ####         1%          1
b - Poisonous Vapours     Pois/Air       ######       1%          2
c - Ignite Poison         Fire/Tmut/Pois #####...     1%          3
d - Mephitic Cloud        Conj/Pois/Air  #####...     2%          3
e - Olgreb's Toxic Radia  Pois           ######..     1%          4
f - Petrify               Tmut/Erth      #####...     12%         4
g - Lee's Rapid Deconstr  Erth           #####.....   36%         5

Your spell library contained the following spells:

 Spells                   Type           Power        Failure   Level
 Sandblast                Erth           #####.       1%          1
 Passwall                 Tmut/Erth      #####...     1%          2
 Stone Arrow              Conj/Erth      ####..       9%          3
 Animate Skeleton         Necr           ##....       10%         1
 Pain                     Necr           ##..         10%         1
 Summon Small Mammal      Summ           ##..         10%         1
 Call Imp                 Summ           ##......     14%         2
 Call Canine Familiar     Summ           ##......     28%         3
 Summon Guardian Golem    Hex/Summ       ##......     28%         3
 Vampiric Draining        Necr           ##........   28%         3
 Summon Lightning Spire   Summ/Air       ####....     32%         4
 Animate Dead             Necr           ##........   67%         4
 Summon Ice Beast         Ice/Summ       ##......     67%         4
 Agony                    Necr           ##......     95%         5


Dungeon Overview and Level Annotations

Branches:
Dungeon (12/15)            Temple (1/1) D:7            Lair (0/6) D:9
    Orc (0/2) D:12

Altars:
Ashenzari
Cheibriados
Dithmenos
Elyvilon
Fedhas
Gozag
Hepliaklqana
Kikubaaqudgha
Makhleb
Nemelex Xobeh
Okawaru
Qazlal
Ru
Sif Muna
Trog
Uskayaw
Vehumet
Wu Jian
Xom
Yredelemnul
The Shining One

Shops:
D:8 :

Annotations:
D:12 Frances


Innate Abilities, Weirdness & Mutations

You cannot be hasted, slowed, berserked, paralysed or teleported.
You can dig through walls and to a lower floor.
Your four strong arms can wield two-handed weapons with a shield.
You have a pair of large antennae on your head. (SInv)


Message History

Frances screams a word of power!
The ufetubus shouts!
The ynoxinul disappears in a puff of smoke!
The ufetubus disappears in a puff of smoke! x2
Frances closely misses you.
You flicker back into view.
You feel like a meek peon again. Frances hits you but does no damage.
There is a stone staircase leading up here.
Frances hits you but does no damage. x2
The chaos spawn splatters into many small globs of multi-coloured light, then recombines.
Frances hits you but does no damage.
Frances hits you with a +2 flail of holy wrath!
* * * LOW HITPOINT WARNING * * *
Your magical contamination has completely faded away.
Frances mutters in a terrible tongue.
The shard of ice misses you.
Frances chants phrases taken from a devil's mouth.
The shard of ice hits you!!!
You die...

.....#....§.4.{.#....#,,,,,*
.....#...4÷.....#....#,,,,,*
#....#....####.÷#....####,,*
.............#..4.......#,,*
.............#.........<#,,*
.............#..........#,,*
##############..######4.#..#
,,{,,,,,,,,,,#.............#
,,{,,,,,,,,,,#..@.4........#
,,{,,,,,..,,,#....@........#
,,*{,#**#..**#.##.####..####
,,*,,#..#..#...#.....#....,*
,,*.,#..#..#...#.....#.....*
***..#..#..#####..##########
,,*.......................,*
,,*.......................,*
,,*...>...................,*


You could see Frances (fast), a hellwing (summoned) and a chaos spawn
(summoned).

Vanquished Creatures
  2 hydras (D:11)
  A two-headed ogre (D:9)
  Pikel (D:4)
  2 manticores (D:12)
  3 ugly things
  A deep elf mage (D:12)
  Maurice (D:8)
  Psyche (D:8)
  Maggie (D:6)
  A centaur skeleton (D:11)
  2 rime drakes (D:11)
  A komodo dragon (D:10)
  A polar bear (D:11)
  3 trolls
  2 slime creatures
  A wyvern (D:11)
  11 yaks
  Grum (D:8)
  A steam dragon (D:8)
  Duvessa (D:6)
  4 orc warriors
  An ice beast (D:6)
  7 sky beasts
  A necrophage (D:10)
  3 ogres
  3 centaurs
  3 wolves
  2 phantoms (D:9)
  An eye of draining (D:11)
  7 bullfrogs
  3 big kobolds
  2 wyvern zombies
  Dowan (D:6)
  7 scorpions
  15 killer bees
  17 wights
  7 howler monkeys
  4 jellies
  A quasit (D:11)
  A bullfrog zombie (D:12)
  2 hounds (D:9)
  3 orc priests
  A gnoll shaman (D:6)
  2 bullfrog skeletons
  An iguana (D:8)
  11 orc wizards
  6 worker ants
  A hound zombie (D:10)
  A hound skeleton (D:6)
  A worker ant zombie (D:6)
  6 adders
  2 shadow imps
  4 white imps
  2 ufetubi
  7 oozes
  An adder zombie (D:6)
  3 worms
  A dart slug (D:3)
  4 leopard geckos
  28 orcs
  3 giant cockroaches
  4 goblins
  7 hobgoblins
  13 jackals
  21 kobolds
  5 quokkas
  2 ball pythons
  4 bats
  2 frilled lizards
  A leopard gecko skeleton (D:6)
  A quokka skeleton (D:6)
  6 rats
284 creatures vanquished.

Vanquished Creatures (others)
  22 plants (D:5)
22 creatures vanquished.

Grand Total: 306 creatures vanquished

Notes
Turn   | Place    | Note
-------+----------+-------------------------------------------
     0 | D:1      | marklar909 the Formicid Venom Mage began the quest for the
                  | Orb.
     0 | D:1      | Reached XP level 1. HP: 13/13 MP: 3/3
   419 | D:1      | Reached XP level 2. HP: 19/19 MP: 3/5
   454 | D:1      | Learned a level 2 spell: Poisonous Vapours
  1220 | D:2      | Reached XP level 3. HP: 24/24 MP: 0/7
  1490 | D:2      | Found a faded altar of an unknown god.
  1687 | D:2      | Reached XP level 4. HP: 30/30 MP: 1/8
  2069 | D:2      | Learned a level 3 spell: Ignite Poison
  2073 | D:2      | Learned a level 3 spell: Mephitic Cloud
  2501 | D:3      | Reached skill level 5 in Poison Magic
  2983 | D:3      | Reached skill level 1 in Air Magic
  3104 | D:3      | Found a sacrificial altar of Ru.
  3202 | D:3      | Reached XP level 5. HP: 35/35 MP: 5/10
  3938 | D:4      | Got a masterwork leather armour
  4025 | D:4      | Reached XP level 6. HP: 41/41 MP: 5/12
  4091 | D:4      | Noticed Pikel
  4142 | D:4      | Killed Pikel
  4142 | D:4      | Reached skill level 5 in Spellcasting
  4142 | D:4      | Reached skill level 6 in Poison Magic
  4142 | D:4      | Reached XP level 7. HP: 29/46 MP: 1/15
  4142 | D:4      | Reached XP level 8. HP: 33/52 MP: 1/16
  4363 | D:4      | Reached skill level 7 in Poison Magic
  4472 | D:4      | Found a basalt altar of Yredelemnul.
  4731 | D:4      | Identified the cursed +1 leather armour of Birdsong {MR+
                  | Slay+2} (You found it on level 4 of the Dungeon)
  4757 | D:5      | Entered Level 5 of the Dungeon
  4978 | D:5      | Reached skill level 1 in Crossbows
  5072 | D:5      | Found an ancient bone altar of Kikubaaqudgha.
  5074 | D:5      | Found a radiant altar of Vehumet.
  5353 | D:6      | Reached skill level 8 in Poison Magic
  5442 | D:6      | Learned a level 4 spell: Olgreb's Toxic Radiance
  5501 | D:6      | Noticed Duvessa
  5505 | D:6      | Noticed Dowan
  5506 | D:6      | Killed Duvessa
  5514 | D:6      | Killed Dowan
  5514 | D:6      | Reached XP level 9. HP: 56/58 MP: 3/18
  6692 | D:6      | Noticed Maggie
  6705 | D:6      | Killed Maggie
  6705 | D:6      | Reached skill level 1 in Fighting
  7251 | D:6      | Reached skill level 9 in Poison Magic
  7366 | D:7      | Found a staircase to the Ecumenical Temple.
  7392 | Temple   | Entered the Ecumenical Temple
  7561 | Temple   | Became a worshipper of Warmaster Okawaru
  7846 | D:7      | Got a fine tin ring
  8004 | D:7      | Reached skill level 1 in Armour
  8044 | D:7      | Found a shimmering blue altar of Sif Muna.
  8048 | D:7      | Found an ornate altar of the Wu Jian Council.
  8060 | D:7      | Reached skill level 1 in Fire Magic
  8229 | D:7      | You fall into a shaft and drop 3 floors!
  8229 | D:10     | Entered Level 10 of the Dungeon
  8230 | D:10     | Noticed a komodo dragon
  8241 | D:10     | Reached * piety under Okawaru
  8241 | D:10     | Reached XP level 10. HP: 65/65 MP: 21/21
  8253 | D:10     | Killed a komodo dragon
  8276 | D:9      | Reached skill level 5 in Crossbows
  8794 | D:9      | Reached ** piety under Okawaru
  8827 | D:9      | Noticed a two-headed ogre
  8832 | D:9      | Killed a two-headed ogre
  8832 | D:9      | Reached skill level 1 in Invocations
  9308 | D:9      | Reached *** piety under Okawaru
  9487 | D:9      | Received a gift from Okawaru
  9487 | D:9      | Reached skill level 10 in Poison Magic
  9487 | D:9      | Reached XP level 11. HP: 74/74 MP: 11/23
  9699 | D:9      | Found a staircase to the Lair.
 10402 | D:8      | Reached skill level 5 in Armour
 10548 | D:8      | Noticed Maurice
 10556 | D:8      | Killed Maurice
 10771 | D:8      | Found Fabudgh's Book Shop.
 11014 | D:8      | Noticed Grum
 11019 | D:8      | Killed Grum
 11020 | D:8      | Reached skill level 5 in Air Magic
 11135 | D:8      | Noticed Psyche
 11139 | D:8      | Killed Psyche
 11949 | D:10     | Received a gift from Okawaru
 12409 | D:8      | Bought a book of Geomancy for 490 gold pieces
 12419 | D:8      | Learned a level 4 spell: Petrify
 12425 | D:8      | Learned a level 5 spell: Lee's Rapid Deconstruction
 12535 | D:11     | Noticed a brown ugly thing
 12541 | D:11     | Killed a brown ugly thing
 12541 | D:11     | Reached **** piety under Okawaru
 12541 | D:11     | Reached skill level 1 in Earth Magic
 13019 | D:11     | Noticed a six-headed hydra
 13026 | D:11     | Noticed an eight-headed hydra
 13030 | D:11     | Killed a six-headed hydra
 13030 | D:11     | Reached ***** piety under Okawaru
 13034 | D:11     | Killed an eight-headed hydra
 13034 | D:11     | Reached skill level 1 in Conjurations
 13034 | D:11     | Reached XP level 12. HP: 29/84 MP: 3/24
 13363 | D:11     | Reached skill level 5 in Transmutations
 13384 | D:11     | Reached skill level 5 in Fighting
 13385 | D:11     | Reached skill level 11 in Poison Magic
 13759 | D:11     | Found a radiant altar of Vehumet.
 13898 | D:11     | Identified the ring "Qogau" {+Fly rPois rF- rC+ Dex-4} (You
                  | found it on level 7 of the Dungeon)
 14504 | D:11     | Received a gift from Okawaru
 15977 | D:12     | Received a gift from Okawaru
 15996 | D:12     | Got faintly humming swamp dragon scales {god gift}
 16007 | D:12     | Identified the +6 swamp dragon scales of Proximity {Rampage
                  | +Fly rPois Int+2} (Okawaru gifted it to you on level 12 of
                  | the Dungeon)
 16167 | D:12     | Noticed Frances
 16170 | D:12     | Noticed a sixfirhy
 16187 | D:12     | HP: 1/86 [orange demon[Frances] (5)]
 16299 | D:12     | Killed from afar by Frances

Illustrated notes

Levels and vault maps discovered:
D:1:      co_arrival_random_square_maze, layout_loops_ring,
          minmay_tree_intersection
D:2:      layout_rooms, chequers_ecumenical_altar_simple_redux
D:3:      layout_basic, nicolae_overflow_crystal_walls,
          minmay_misc_feat_secret_circle
D:4:      layout_basic, lemuel_coloured_pillars_altar, uniq_pikel
D:5:      layout_basic, nicolae_overflow_hidden_temple, serial_bayou,
          serial_bayou_lake_a, serial_bayou_crossing, serial_bayou_ford_a,
          serial_bayou_pond_c
D:6:      minmay_chambers_of_sixes, layout_basic,
          minmay_fractal_squares_diagonal_5, uniq_duvessa, uniq_maggie
D:7:      layout_gridville, minitemple, minmay_temple_entry_arrows,
          kennysheep_big_empty_room, minmay_hedge_maze
D:8:      layout_loops_corners, serial_shops, kennysheep_mini, uniq_grum,
          uniq_psyche, uniq_maurice
D:9:      layout_basic, lair_entry_dummy
D:10:     layout_cave_pools, hangedman_little_slice_of_home
D:11:     layout_long_grid, portal_ice_cave_entry_animals_and_master,
          basic_altar, kennysheep_generic_room_4
D:12:     minmay_separated_statues, layout_grid_maze, orc_0_dummy,
          enter_bailey_2, minmay_lindwurm_lava, uniq_frances
Temple:   eino_temple_scatter_basement

Skill      XL: |  1  2  3  4  5  6  7  8  9 10 11 12 |
---------------+-------------------------------------+-----
Spellcasting   | 3 4 5 6 7 8 9 |  9.1
Poison Magic   | 5 6 8 9 10 11 | 11.2
Air Magic      | 1 2 3 4 5 |  5.2
Dodging        | 2 3 4 |  4.4
Stealth        | 3 4 |  4.1
Crossbows      | 1 4 6 7 |  7.9
Transmutations | 2 3 4 5 |  5.6
Fighting       | 1 2 4 5 |  5.6
Armour         | 2 4 5 |  5.4
Fire Magic     | 1 2 |  2.4
Invocations    | 2 4 |  4.6
Earth Magic    | 2 4 |  4.6
Conjurations   | 1 |  1.0

Action                   |  1- 3 |  4- 6 |  7- 9 | 10-12 || total
-------------------------+-------+-------+-------+-------++-------
Melee: Unarmed           |     1 |       |       |       ||     1
 Fire: Arbalest          |     3 |     7 |    89 |   240 ||   339
 Cast: Sting             |    26 |    14 |    14 |    12 ||    66
       Poisonous Vapours |    18 |    45 |    37 |    91 ||   191
       Ignite Poison     |       |       |    14 |    46 ||    60
       Mephitic Cloud    |       |       |     7 |    20 ||    27
       Olgreb's Toxic Ra |       |       |     3 |    20 ||    23
Invok: Heroism           |       |       |       |     3 ||     3
 Abil: Dig               |       |     1 |       |       ||     1
  Use: Scroll            |       |    13 |    12 |    17 ||    42
       Potion            |       |       |       |     4 ||     4
Armor: Robe              |     1 |    11 |    21 |   105 ||   138
       Swamp dragon scal |       |       |       |    19 ||    19
       Steam dragon scal |       |       |       |     5 ||     5
Dodge: Dodged            |    14 |    17 |    35 |   197 ||   263

Table legend: (Time is in decaauts)
 A = Elapsed time spent in this place.
 B = Non-inter-level travel time spent in this place.
 C = Inter-level travel time spent in this place.
 D = Time resting spent in this place.
 E = Time spent auto-exploring this place.
 F = Levels seen in this place.
 G = Mean time per level.
                   A        B        C        D        E       F      G
               +--------+--------+--------+--------+--------+-----+--------+
         Total |  16580 |  14722 |   1858 |   1356 |  11037 |  13 | 1275.4 |
       Dungeon |  16397 |  14598 |   1799 |   1356 |  10918 |  12 | 1366.4 |
        Temple |    182 |    123 |     59 |      0 |    119 |   1 |  182.0 |
               +--------+--------+--------+--------+--------+-----+--------+

Top non-repeatable levels by time:
     D:9: 2261 daAuts
    D:11: 2015 daAuts
     D:6: 1664 daAuts
     D:8: 1540 daAuts
     D:7: 1372 daAuts
     D:2: 1297 daAuts
     D:4: 1287 daAuts
     D:3: 1203 daAuts
    D:10: 1187 daAuts
     D:5: 1078 daAuts
     D:1: 977 daAuts
    D:12: 510 daAuts
  Temple: 182 daAuts
